Map: Eternal Empire LE

Players

Scarlett - Winner!

  • Race: Zerg Zerg
  • Spawn Location: 7:00

Neeb

  • Race: Protoss Protoss
  • League: Master
  • Spawn Location: 1:00

Event: DreamHack SC2 Masters 2020 Fall

VOD

Have the link to the VOD?

Description

Time

  • Played on: Sept. 2, 2020, 5:56 p.m.
  • Length: 15:33

All games in this series

Show
View Real Time Build Order
Export as new Build Order

Scarlett Zerg - Winner!

Build Orders: Hatch First, Lurkers, Swarm Host 

Get SALT Encoding   

  12  0:00  Drone  
  13  0:12  Overlord  
  13  0:16  Drone  
  14  0:30  Drone x2  
  16  0:47  Hatchery  
  15  0:51  Drone  
  15  0:54  Drone  
  17  0:57  Drone  
  18  1:08  Extractor  
  17  1:13  Spawning Pool  
  17  1:16  Drone  
  17  1:19  Drone  
  18  1:27  Drone  
  19  1:38  Drone  
  20  1:50  Drone  
  21  1:59  Queen x2  
  21  2:00  Drone, Overlord  
  26  2:10  Zergling x2  
  26  2:14  Metabolic Boost  
  27  2:19  Drone  
  27  2:21  Drone x2  
  30  2:35  Drone, Queen x2  
  35  2:44  Drone, Overlord  
  36  2:57  Overlord  
  36  3:03  Zergling x2  
  36  3:04  Drone x3  
  40  3:08  Drone x4  
  44  3:13  Lair  
  44  3:21  Drone, Overlord  
  44  3:22  Drone  
  44  3:25  Extractor  
  44  3:26  Extractor  
  44  3:28  Extractor  
  44  3:34  Drone x3  
  46  3:41  Drone  
  46  3:47  Drone x6  
  52  3:53  Queen  
  54  4:08  Drone x4  
  54  4:13  Infestation Pit  
  54  4:14  Drone x4, Spore Crawler  
  56  4:21  Drone x4  
  60  4:25  Overlord  
  60  4:29  Overlord  
  60  4:36  Nydus Network  
  59  4:41  Overlord x2  
  59  4:45  Overlord  
  59  4:48  Zergling x2  
  59  4:49  Zergling x4  
  59  4:50  Zergling x2  
  63  4:58  Zergling x6  
  66  5:02  Swarm Host  
  69  5:09  Swarm Host  
  69  5:11  Swarm Host  
  69  5:12  Swarm Host x2  
  81  5:18  Swarm Host  
  81  5:19  Swarm Host  
  87  5:33  Queen x2  
  90  5:41  Nydus Canal  
  90  5:50  Pathogen Glands  
  90  5:56  Evolution Chamber  
  89  6:02  Hatchery  
  88  6:18  Drone  
  88  6:19  Infestor x4, Spore Crawler  
  88  6:21  Overlord  
  88  6:24  Zerg Missile Weapons Level 1  
  95  6:27  Drone x5  
  100  6:37  Drone x2  
  100  6:38  Drone  
  98  6:44  Infestor  
  98  6:46  Drone x7  
  98  6:55  Drone  
  98  6:56  Drone x3  
  98  6:57  Spore Crawler  
  101  7:09  Neural Parasite  
  101  7:14  Hydralisk Den  
  100  7:17  Infestor  
  100  7:18  Drone x3  
  102  7:23  Nydus Canal  
  102  7:31  Drone  
  102  7:32  Drone  
  102  7:33  Overlord x2  
  102  7:52  Drone, Overlord  
  102  7:53  Drone x4  
  102  7:55  Extractor x2  
  102  7:57  Grooved Spines, Lurker Den  
  104  8:10  Hydralisk x6  
  116  8:21  Hydralisk, Spore Crawler  
  116  8:22  Hydralisk x2  
  121  8:30  Burrow  
  121  8:33  Nydus Canal  
  115  8:43  Hydralisk  
  115  8:44  Hydralisk x3  
  115  8:45  Drone x7  
  130  8:55  Overseer  
  130  8:58  Hive  
  130  9:02  Zergling x2, Hatchery  
  130  9:03  Zergling x10  
  135  9:12  Lurker  
  135  9:15  Lurker  
  135  9:16  Lurker  
  138  9:25  Overlord x5  
  135  9:39  Lurker x2  
  135  9:42  Overlord  
  135  9:43  Nydus Canal  
  137  9:46  Lurker x2, Zergling x6  
  137  9:47  Zergling x16  
  150  9:53  Drone  
  151  10:03  Extractor  
  151  10:04  Lurker, Hydralisk  
  151  10:05  Lurker, Hydralisk, Zergling x2  
  151  10:06  Extractor  
  156  10:16  Zerg Missile Weapons Level 2  
  156  10:19  Drone x3  
  158  10:23  Seismic Spines  
  158  10:28  Drone x2  
  158  10:29  Drone x3  
  158  10:34  Muscular Augments  
  163  10:38  Overseer  
  163  10:40  Drone  
  163  10:41  Drone x5  
  163  10:42  Spore Crawler  
  168  10:44  Hatchery  
  168  10:45  Drone  
  168  10:54  Spine Crawler x2  
  168  10:56  Spine Crawler  
  165  10:57  Overlord  
  165  10:59  Hydralisk x3  
  165  11:00  Hydralisk, Spore Crawler  
  165  11:03  Nydus Canal  
  172  11:09  Adrenal Glands  
  171  11:12  Drone  
  171  11:13  Evolution Chamber  
  171  11:30  Drone x10  
  171  11:31  Drone  
  179  11:42  Adaptive Talons  
  179  11:43  Unknown  
  167  11:55  Hydralisk x6  
  167  11:56  Hydralisk  
  167  11:58  Zerg Melee Weapons Level 1  
  171  12:05  Drone  
  171  12:06  Drone x3  
  175  12:11  Hydralisk  
  174  12:20  Hydralisk x4  
  174  12:22  Nydus Canal  
  169  12:33  Hydralisk x5  
  167  12:51  Spore Crawler x2  
  167  12:52  Drone, Spore Crawler  
  167  12:58  Drone x2  
  166  13:00  Extractor  
  166  13:01  Spine Crawler  
  162  13:07  Spine Crawler  
  162  13:10  Drone x3  
  162  13:11  Drone x5  
  162  13:12  Zergling x2  
  170  13:13  Lurker  
  170  13:14  Lurker x2  
  170  13:15  Infestor x5  
  183  13:20  Nydus Canal  
  177  13:45  Hydralisk x9  
  195  13:48  Spire  
  195  13:53  Overseer x2  
  194  13:58  Hydralisk x2  
  194  13:59  Hydralisk x3  
  184  14:07  Hydralisk x3  
  184  14:08  Hydralisk  
  184  14:12  Unknown  
  184  14:13  Drone x3  
  186  14:17  Overseer  
Show
View Real Time Build Order
Export as new Build Order

Neeb Protoss 

Build Orders: 1 Gate Expand, Oracle Opening, Phoenix Opening, Mass Phoenix 

Get SALT Encoding   

  12  0:00  Probe  
  13  0:12  Probe  
  14  0:17  Pylon  
  14  0:24  Probe  
  15  0:30  Assimilator  
  15  0:36  Probe (Chrono Boost)  
  16  0:43  Gateway  
  16  0:49  Probe (Chrono Boost)  
  17  0:53  Probe (Chrono Boost)  
  18  1:04  Probe  
  19  1:16  Probe  
  20  1:23  Nexus  
  20  1:34  Cybernetics Core  
  20  1:37  Probe  
  21  1:42  Assimilator  
  21  1:49  Probe  
  21  1:52  Pylon  
  23  2:01  Probe (Chrono Boost)  
  23  2:07  Adept (Chrono Boost)  
  23  2:11  Probe (Chrono Boost)  
  23  2:13  Warp Gate  
  26  2:17  Probe  
  26  2:22  Stargate  
  27  2:29  Probe  
  28  2:30  Adept (Chrono Boost)  
  28  2:36  Probe  
  31  2:41  Probe  
  32  2:48  Probe  
  33  2:52  Adept (Chrono Boost)  
  33  2:53  Probe  
  36  3:00  Probe  
  36  3:03  Gateway  
  38  3:05  Probe  
  38  3:07  Oracle (Chrono Boost)  
  42  3:12  Probe  
  42  3:20  Probe, Pylon  
  42  3:24  Probe  
  42  3:27  Gateway  
  44  3:34  Probe  
  44  3:37  Probe  
  44  3:41  Stargate  
  46  3:46  Probe  
  47  3:49  Probe  
  47  3:50  Phoenix (Chrono Boost)  
  50  3:55  Pylon  
  50  3:58  Probe  
  50  4:01  Probe  
  52  4:10  Assimilator, Probe  
  52  4:11  Pylon  
  52  4:12  Phoenix  
  52  4:13  Probe  
  56  4:21  Assimilator  
  56  4:22  Probe, Pylon  
  57  4:26  Phoenix  
  57  4:27  Probe  
  60  4:33  Adept  
  60  4:34  Adept  
  60  4:35  Adept  
  66  4:40  Probe  
  66  4:41  Pylon  
  67  4:47  Phoenix (Chrono Boost)  
  67  4:48  Pylon  
  69  4:53  Probe  
  69  4:54  Probe  
  69  4:57  Phoenix (Chrono Boost)  
  73  5:02  Pylon  
  73  5:10  Phoenix (Chrono Boost)  
  73  5:11  Pylon  
  75  5:21  Stalker x2  
  75  5:22  Stalker  
  81  5:28  Shield Battery  
  81  5:30  Phoenix  
  81  5:33  Probe x2  
  85  5:36  Pylon  
  85  5:39  Phoenix  
  87  5:48  Stalker  
  87  5:49  Zealot, Stalker  
  93  5:55  Pylon, Probe x2  
  95  5:57  Phoenix  
  97  6:09  Nexus  
  97  6:11  Probe  
  98  6:13  Probe  
  99  6:22  Zealot, Sentry x2  
  105  6:27  Twilight Council  
  105  6:29  Forge  
  105  6:30  Probe  
  107  6:32  Probe  
  107  6:43  Probe  
  108  6:52  Robotics Facility, Zealot  
  108  6:53  Zealot x2  
  115  6:58  Probe, Charge  
  115  7:00  Assimilator  
  116  7:04  Protoss Ground Weapons Level 1 (Chrono Boost)  
  116  7:06  Assimilator  
  116  7:07  Pylon  
  115  7:08  Gateway  
  115  7:10  Gateway  
  115  7:18  Gateway  
  115  7:20  Gateway  
  115  7:23  Gateway  
  115  7:28  Probe x2  
  115  7:29  Probe  
  118  7:37  Zealot x3  
  118  7:39  Photon Cannon  
  118  7:43  Probe  
  125  7:47  Probe  
  124  8:00  Zealot x3  
  124  8:03  Templar Archives  
  124  8:04  Warp Prism (Chrono Boost)  
  130  8:06  Gateway  
  130  8:07  Gateway  
  130  8:11  Photon Cannon  
  130  8:19  Zealot x3  
  136  8:22  Pylon  
  136  8:28  Zealot x3  
  136  8:32  Observer (Chrono Boost)  
  139  8:42  High Templar x2  
  139  8:43  High Templar x3  
  139  8:48  Archon x2  
  143  8:50  Zealot, High Templar  
  143  8:51  Zealot  
  149  8:56  Nexus  
  149  8:57  Archon  
  149  8:58  Pylon  
  149  9:02  Photon Cannon  
  149  9:06  Probe  
  149  9:09  Zealot x2  
  149  9:21  Pylon  
  149  9:26  Pylon  
  149  9:27  Pylon  
  149  9:28  Pylon  
  149  9:43  Immortal  
  153  9:51  Probe x2  
  155  9:55  Fleet Beacon  
  155  9:56  Stargate  
  155  9:57  Psionic Storm  
  155  9:58  Stargate  
  151  10:03  Probe  
  152  10:09  Probe  
  152  10:10  High Templar x3  
  152  10:11  High Templar x2  
  163  10:20  Zealot  
  162  10:37  Nexus  
  162  10:51  Nexus  
  162  10:56  Nexus  
  162  11:02  High Templar x2  
  162  11:03  High Templar x2  
  170  11:06  Probe x2  
  172  11:11  Pylon  
  172  11:18  Probe  
  171  11:22  Probe  
  172  11:29  Immortal (Chrono Boost)  
  172  11:30  Probe  
  175  11:34  Probe  
  176  11:44  Zealot x3  
  182  11:52  Archon  
  168  11:55  Probe  
  160  12:10  Zealot x2  
  157  12:16  Zealot x5  
  157  12:17  Zealot x2  
  150  12:35  Carrier (Chrono Boost)  
  127  12:38  Probe  
  127  12:39  Probe  
  135  12:54  Carrier (Chrono Boost)  
  135  12:55  High Templar x2  
  135  12:56  High Templar, Carrier (Chrono Boost)  
  155  13:04  Carrier (Chrono Boost)  
  138  13:13  Archon  
  138  13:19  Pylon  
  138  13:22  Zealot, High Templar x2  
  138  13:23  Zealot x4  
  152  13:28  Zealot  
  152  13:31  Archon  
  153  13:44  Probe, Pylon  
  153  13:45  High Templar x2, Probe  
  153  13:46  Zealot  
  153  13:47  Zealot x4  
  169  13:49  Nexus  
  169  13:51  Shield Battery  
  169  13:52  Shield Battery  
  140  14:06  Observer (Chrono Boost)  
  137  14:12  Probe x2  
  137  14:15  High Templar x3  
  143  14:27  Assimilator  
  143  14:30  Assimilator  

Tags
 
Add a new tag
Caveats
  • Supply blocks, unpowered buildings, or Contaminate may cause inaccurate times.
  • Supply counts are checked every 10 seconds.